Map: Queda Cerúlea LE

Players

DreyskiFF

  • Race: Zerg Zerg
  • League: Platinum
  • Spawn Location: 1:00

Dedas - Winner!

  • Race: Terran Terran
  • League: Diamond
  • Spawn Location: 7:00

VOD

Have the link to the VOD?

Description

Time

  • Played on: Aug. 21, 2018, 2:34 p.m.
  • Length: 36:14
Show
View Real Time Build Order
Export as new Build Order

DreyskiFF Zerg 

Build Orders: Hatch First, Muta Ling Bane 

Get SALT Encoding   

  12  0:01  Drone  
  13  0:14  Overlord  
  13  0:18  Drone  
  14  0:32  Drone x2  
  16  0:52  Drone  
  16  0:56  Hatchery  
  16  0:57  Drone  
  16  1:01  Extractor  
  16  1:06  Drone  
  17  1:17  Spawning Pool  
  16  1:19  Drone  
  17  1:28  Drone  
  17  1:32  Drone  
  19  1:42  Overlord  
  19  1:51  Drone  
  20  2:04  Queen  
  20  2:06  Metabolic Boost  
  20  2:07  Queen  
  24  2:10  Drone  
  25  2:16  Zergling x2  
  25  2:17  Zergling x2  
  27  2:25  Drone  
  27  2:26  Drone  
  29  2:50  Queen  
  31  2:56  Drone  
  31  2:57  Hatchery  
  31  2:58  Overlord  
  31  3:02  Drone  
  31  3:05  Drone  
  33  3:21  Spore Crawler x2  
  33  3:26  Spore Crawler, Drone  
  33  3:27  Drone x2  
  33  3:34  Queen  
  33  3:39  Drone  
  36  3:42  Overlord  
  36  3:45  Drone  
  37  3:49  Drone  
  37  3:50  Drone  
  37  3:53  Drone  
  40  4:05  Lair  
  40  4:10  Pneumatized Carapace  
  40  4:13  Drone x4  
  44  4:27  Drone x3  
  44  4:30  Spore Crawler  
  46  4:32  Extractor  
  45  4:40  Zergling x4  
  45  4:41  Zergling x8  
  51  4:57  Drone  
  51  4:58  Overlord x3, Drone x2  
  54  5:13  Baneling Nest  
  53  5:16  Evolution Chamber  
  53  5:18  Extractor, Drone x6, Evolution Chamber  
  53  5:19  Extractor, Drone  
  56  5:43  Drone x13  
  69  5:52  Spire  
  69  5:56  Drone  
  70  5:57  Overlord, Drone  
  70  6:08  Overlord x2  
  70  6:09  Drone x3  
  70  6:10  Drone  
  74  6:18  Zerg Ground Armor Level 1  
  74  6:32  Extractor  
  73  6:33  Extractor  
  73  6:34  Zergling x2  
  73  6:35  Zergling x20  
  83  6:48  Overlord x4  
  83  7:08  Hatchery  
  83  7:11  Zerg Melee Weapons Level 1  
  83  7:12  Mutalisk x7  
  96  7:27  Drone x3  
  96  7:28  Drone x4  
  96  7:29  Overlord x2  
  103  7:33  Mutalisk  
  103  7:34  Mutalisk  
  107  7:41  Mutalisk x2  
  113  7:47  Zerg Flyer Weapons Level 1  
  110  8:08  Overseer x3  
  110  8:12  Drone  
  102  8:13  Drone x4  
  92  8:40  Extractor  
  91  8:50  Drone x10  
  91  8:51  Drone x3  
  91  8:53  Centrifical Hooks  
  104  9:01  Hydralisk Den  
  103  9:03  Drone x4  
  103  9:04  Infestation Pit  
  106  9:12  Mutalisk x3  
  106  9:13  Mutalisk  
  110  9:21  Queen  
  112  9:33  Zergling x8  
  116  9:39  Queen  
  116  9:40  Hatchery  
  116  9:41  Queen  
  119  9:50  Zergling x22  
  130  9:55  Zerg Ground Armor Level 2  
  130  9:57  Extractor  
  130  9:58  Hive  
  130  9:59  Extractor  
  128  10:01  Zergling x2  
  128  10:02  Zergling x6  
  128  10:04  Baneling x2  
  128  10:05  Baneling x6  
  132  10:18  Zergling x24  
  140  10:44  Roach Warren  
  139  10:51  Zerg Missile Weapons Level 1  
  139  11:12  Greater Spire  
  139  11:14  Corruptor x5  
  139  11:16  Overlord x2  
  139  11:17  Overlord x6  
  149  11:23  Hatchery  
  148  11:27  Adrenal Glands  
  148  11:28  Zergling x4  
  148  11:32  Glial Reconstitution  
  150  11:46  Hatchery  
  149  12:00  Corruptor x7  
  149  12:01  Corruptor  
  164  12:37  Brood Lord x6  
  168  12:38  Brood Lord x4  
  168  12:41  Brood Lord  
  186  12:45  Queen  
  188  13:04  Extractor  
  188  13:05  Hydralisk x7  
  189  13:06  Extractor  
  163  13:30  Zergling x38  
  163  13:31  Zergling x4  
  155  13:36  Zergling x2  
  155  13:37  Zergling x6  
  155  13:40  Queen  
  160  13:47  Hydralisk x2  
  164  13:51  Hydralisk x2  
  168  14:15  Zergling x2  
  168  14:16  Zergling x36  
  163  14:28  Hydralisk, Roach x2  
  146  14:40  Corruptor x4  
  147  14:51  Drone x9  
  156  15:01  Brood Lord x2  
  160  15:10  Hydralisk x3  
  166  15:21  Corruptor x2  
  166  15:24  Brood Lord  
  172  15:32  Brood Lord x2  
  176  15:43  Roach x4  
  176  15:44  Roach  
  162  16:04  Roach x11  
  162  16:05  Roach  
  176  16:12  Hydralisk x2  
  166  16:20  Roach x3  
  144  16:30  Lair  
  120  16:38  Hydralisk x4  
  120  16:39  Hydralisk  
  96  16:49  Hydralisk x3  
  96  16:57  Zergling x10  
  96  16:58  Zergling x2  
  92  17:19  Hydralisk x5  
Show
View Real Time Build Order
Export as new Build Order

Dedas Terran - Winner!

Build Orders: Mech 

Get SALT Encoding   

  12  0:03  SCV  
  13  0:16  SCV  
  13  0:18  Supply Depot  
  14  0:28  SCV  
  15  0:37  Refinery  
  15  0:40  SCV  
  16  0:48  Barracks  
  16  0:53  SCV  
  17  1:05  SCV  
  18  1:17  SCV  
  19  1:29  SCV  
  20  1:38  Marine, Command Center  
  21  1:53  Factory  
  21  1:57  SCV  
  21  1:59  Marine  
  23  2:25  Command Center  
  23  2:29  Barracks Tech Lab  
  23  2:39  Orbital Command  
  23  2:50  Widow Mine  
  25  2:53  Refinery  
  25  2:59  Orbital Command  
  25  3:26  SCV x2  
  27  3:29  Siege Tank  
  27  3:31  Refinery  
  30  3:38  SCV x2  
  30  3:40  Starport  
  33  3:42  Orbital Command  
  32  3:50  SCV  
  32  3:51  SCV  
  34  4:12  Engineering Bay, SCV x3  
  34  4:14  Barracks Tech Lab  
  34  4:17  Refinery  
  37  4:20  Viking  
  39  4:24  SCV x2  
  39  4:27  SCV  
  42  4:34  Siege Tank  
  42  4:36  SCV  
  42  4:37  SCV  
  47  4:39  SCV  
  48  4:55  Ghost Academy  
  48  4:56  Ghost Academy, Viking  
  50  5:10  Ghost Academy  
  50  5:17  Siege Tank  
  53  5:28  Personal Cloaking  
  53  5:34  Supply Depot  
  53  5:35  Supply Depot  
  53  5:37  Missile Turret, Supply Depot  
  53  5:38  Supply Depot  
  53  5:40  Ghost  
  53  5:41  SCV x3  
  58  5:53  SCV x3  
  58  5:54  Nuke  
  61  6:05  SCV x3  
  64  6:11  Starport Tech Lab  
  64  6:17  SCV x3  
  67  6:27  Ghost  
  67  6:29  SCV  
  67  6:30  Siege Tank  
  73  6:33  Orbital Command  
  73  6:39  Factory  
  73  6:41  Factory  
  73  6:44  Sensor Tower  
  73  6:47  Raven  
  73  6:49  SCV x2  
  77  6:54  Nuke  
  77  7:01  SCV x2  
  77  7:04  SCV  
  80  7:13  SCV x2  
  80  7:14  Supply Depot  
  82  7:16  Supply Depot  
  82  7:22  Missile Turret  
  82  7:31  Factory Tech Lab x2  
  82  7:35  Factory  
  82  7:37  Factory  
  82  7:38  Supply Depot  
  82  7:39  Supply Depot  
  82  7:46  Widow Mine  
  84  7:56  Missile Turret  
  84  7:57  Missile Turret x2  
  84  8:03  Missile Turret  
  84  8:07  Missile Turret x2, Widow Mine  
  84  8:08  Missile Turret  
  84  8:09  Armory, Missile Turret  
  84  8:11  Missile Turret  
  84  8:12  Armory, Missile Turret  
  86  8:13  Missile Turret  
  86  8:14  Refinery  
  86  8:15  Refinery  
  85  8:21  Missile Turret, Factory  
  85  8:31  SCV  
  85  8:32  SCV x2  
  81  8:43  SCV  
  81  8:44  Nuke x2, SCV  
  83  8:59  Ghost  
  85  9:06  Terran Vehicle Weapons Level 1  
  85  9:07  Terran Vehicle And Ship Armor Level 1  
  85  9:14  Thor x2  
  97  9:39  Structure Armor  
  97  9:43  SCV x3  
  100  9:47  Missile Turret x2, Command Center  
  100  9:52  Supply Depot  
  100  9:55  Supply Depot, SCV x3  
  100  9:56  Factory Reactor, Supply Depot, Factory Tech Lab x2  
  100  9:57  Supply Depot, Infernal Pre-Igniter  
  100  9:58  Supply Depot, Factory  
  103  10:07  Refinery, Missile Turret, SCV x2, Sensor Tower  
  103  10:08  SCV  
  106  10:15  Ghost  
  106  10:19  SCV  
  106  10:20  Hellbat x5  
  119  10:22  SCV x2  
  119  10:27  Refinery  
  121  10:41  Hellbat x3  
  127  10:45  Factory Reactor  
  127  10:51  Thor x2  
  127  10:52  Hellbat x2  
  143  11:02  Hellbat  
  145  11:04  Planetary Fortress  
  145  11:18  Thor x2  
  157  11:19  Hellbat x2  
  161  11:32  SCV x3  
  164  11:33  Thor  
  164  11:35  Hellbat  
  164  11:37  Hellbat  
  174  11:44  SCV  
  175  12:06  Command Center  
  175  12:13  Thor  
  179  12:35  Terran Vehicle Weapons Level 2, Terran Vehicle And Ship Armor Level 2  
  179  12:36  Thor x2, Hellbat  
  179  12:37  Hellbat x3  
  195  12:39  Nuke x2  
  199  13:19  Hellbat  
  195  13:20  Thor  
  195  13:25  Thor  
  163  13:34  Thor x2  
  163  13:37  Hellbat x4  
  163  13:40  Thor  
  148  13:50  Raven  
  150  13:58  Hellbat x2  
  150  13:59  Hellbat x2  
  158  14:04  Hellbat  
  158  14:08  Thor  
  166  14:12  Factory  
  166  14:14  Factory  
  166  14:15  Factory  
  165  14:17  Thor x2  
  165  14:23  Thor  
  150  14:38  Thor  
  138  14:39  Hellbat  
  138  14:40  Hellbat x3  
  146  14:50  SCV  
  146  14:51  Thor, SCV x2  
  155  14:59  Factory  
  155  15:00  Thor x2  
  155  15:01  Hellbat x2  
  155  15:02  Factory Tech Lab x2  
  155  15:03  SCV x3, Factory Tech Lab  
  155  15:05  Thor  
  180  15:15  SCV  
  180  15:17  Ghost  
  181  15:45  Ghost  
  157  16:14  Ghost  
  157  16:17  Hellbat x6  
  157  16:18  Hellbat x6  
  155  16:19  Hellbat  
  128  16:38  Hellbat x4  
  128  16:39  Hellbat x6  
  146  16:40  Hellbat x2  
  146  16:52  SCV x3  
  149  17:00  Supply Depot  
  143  17:04  SCV x3  
  146  17:16  SCV  
  143  17:39  SCV x3  
  146  17:51  Thor, SCV x2  
  146  17:52  Thor x4  
  146  17:53  Factory Tech Lab  
  146  17:54  Hellbat  
  146  17:59  Supply Depot  
  146  18:12  Supply Depot  
  146  18:13  Supply Depot x2  
  146  18:14  Refinery  
  146  18:20  Hellbat x4  
  146  18:21  Supply Depot  
  146  18:33  Thor  
  146  18:34  Hellbat  
  146  18:37  Missile Turret  
  146  18:39  Missile Turret  
  146  18:40  Command Center  
  146  18:42  Missile Turret, Hellbat  
  146  18:54  Raven  
  146  18:57  Nuke x2  
  146  18:59  Refinery  
  146  19:02  Refinery  
  146  19:03  Terran Infantry Weapons Level 1  
  146  19:37  Terran Vehicle And Ship Armor Level 3, Terran Vehicle Weapons Level 3  
  146  19:40  Command Center  
  146  19:43  Missile Turret  
  146  19:44  Engineering Bay  
  146  19:46  Refinery  
  146  19:50  Refinery  
  146  19:51  Missile Turret x2  
  146  19:53  Missile Turret  
  146  20:58  Terran Infantry Weapons Level 2  
  146  29:59  Terran Infantry Weapons Level 3  
  146  31:00  Nuke  
  146  31:01  Nuke  
  146  31:20  Terran Ship Weapons Level 1  
  146  31:30  Hi-Sec Auto Tracking  
  146  31:44  Command Center  
  146  31:45  Missile Turret x2  
  146  31:46  Refinery  
  146  31:47  Missile Turret x2  
  146  31:51  Refinery  
  146  32:02  Command Center x2  
  146  32:04  Missile Turret  
  146  32:05  Missile Turret x3  
  146  32:09  Refinery x2  
  146  32:13  Command Center  
  146  32:14  Missile Turret  
  146  32:17  Missile Turret  
  146  32:18  Missile Turret x2  
  146  32:19  Refinery x2, Missile Turret  
  146  32:20  Refinery  
  146  32:21  Missile Turret  
  146  32:23  Refinery  
  146  32:29  Command Center  
  146  32:30  Missile Turret  
  146  32:38  Missile Turret  
  146  32:52  Missile Turret  
  146  32:59  Missile Turret  
  146  33:02  Planetary Fortress  
  146  33:14  Refinery, Planetary Fortress  
  146  33:21  Refinery  
  146  33:24  Orbital Command  
  146  33:31  Orbital Command  
  146  33:36  Orbital Command  
  146  33:56  Orbital Command  
  146  34:03  Orbital Command  
  146  34:59  Nuke  
  146  35:21  Thor  
Tags
 
Add a new tag
Caveats
  • Supply blocks, unpowered buildings, or Contaminate may cause inaccurate times.
  • Supply counts are checked every 10 seconds.